 Dungeon Crawl Stone Soup version 0.17-a0-369-ge05c439 (webtiles) character file.

8673 Medar the Basher (level 11, -7/81 HPs)
             Began as a Mummy Arcane Marksman on Mar 31, 2015.
             Was a Priest of Okawaru.
             Mangled by a komodo dragon (30 damage)
             ... on level 1 of the Lair of Beasts.
             The game lasted 00:55:42 (18375 turns).

Medar the Basher (Mummy Arcane Marksman)           Turns: 18375, Time: 00:55:42

Health: -7/81      AC:  8    Str: 20    XL:     11   Next: 13%
Magic:  2/13       EV: 14    Int: 15    God:    Okawaru [***...]
Gold:   667        SH:  0    Dex: 11    Spells: 5 memorised, 3 levels left

rFire  x . .     SeeInvis .     a - +1 morningstar
rCold  + . .     Clarity  .     n - +2 ring mail of Winter {Str+6}
rNeg   + + +     SustAb   .     (no shield)
rPois  ∞         Gourm    .     G - +0 hat
rElec  .         Spirit   .     (no cloak)
rCorr  .         Warding  .     (no gloves)
rMut   .         Stasis   .     (no boots)
MR     +....                    (no amulet)
Stlth  ++........               (no ring)
                                (no ring)

@: heroism, somewhat resistant to hostile enchantments, unstealthy
A: no food or potions, fire vulnerability, cold resistance 1, negative energy
resistance 3, torment resistance, unbreathing
a: Heroism, Renounce Religion


You were on level 1 of the Lair of Beasts.
You worshipped Okawaru.
Okawaru was most pleased with you.
You were not hungry.

You visited 3 branches of the dungeon, and saw 12 of its levels.
You also visited: Sewer.

You collected 667 gold pieces.

Inventory:

Hand weapons
 a - a +1 morningstar (weapon)
 b - a +0 hand crossbow
 c - a +0 blowgun
 v - a +0 whip
 z - a +0 flail
 C - a +3 flail of crushing
Missiles
 u - 17 silver bolts
 x - 98 poisoned needles
 A - 2 silver javelins (quivered)
 B - 34 bolts
 E - a tomahawk
Armour
 f - a +1 robe
 n - the +2 ring mail of Winter (worn) {Str+6}
   (You found it on level 4 of the Dungeon)

   It affects your strength (+6).
 p - a +3 leather armour
 t - a +0 shield
 F - a +1 robe of magic resistance
 G - a +0 hat (worn)
Magical devices
 i - a wand of confusion (15)
 m - a wand of random effects (28)
 D - a wand of magic darts (12)
 H - a wand of random effects (14)
 I - a wand of disintegration (11)
 J - a wand of fire (3)
 K - a wand of flame (26)
Scrolls
 e - 6 scrolls of remove curse {@r1}
 g - a scroll of fog
 h - 2 scrolls of immolation
 j - a scroll of amnesia
 k - 2 scrolls of enchant armour
 l - 6 scrolls of recharging
 o - 2 scrolls of teleportation
 r - a scroll of random uselessness
 s - a scroll of enchant weapon
 y - a scroll of blinking
 L - a scroll of noise {unknown}
Books
 d - a book of Debilitation

   Spells                             Type                      Level
   a - Corona                         Hexes                        1
   b - Slow                           Hexes                        2
   c - Inner Flame                    Hexes/Fire                   3
   d - Enslavement                    Hexes                        4
   e - Cause Fear                     Hexes                        4
   f - Leda's Liquefaction            Hexes/Earth                  4
 q - a book of the Warp

   Spells                             Type                      Level
   a - Recall                         Summoning/Translocation      3
   b - Control Teleport               Charms/Translocation         4
   c - Force Lance                    Conjuration/Translocation    4
   d - Phase Shift                    Translocation                5
   e - Warp Weapon                    Charms/Translocation         5
   f - Gell's Gravitas                Hexes/Translocation          5
   g - Summon Forest                  Summoning/Translocation      5
 w - a book of Party Tricks

   Spells                             Type                      Level
   a - Summon Butterflies             Summoning                    1
   b - Apportation                    Translocation                1
   c - Tukima's Dance                 Hexes                        3
   d - Alistair's Intoxication        Transmutation/Poison         4
   e - Invisibility                   Hexes                        6


   Skills:
 + Level 6.1(11.1) Fighting
 * Level 9.2(14.2) Maces & Flails
 + Level 6.5(11.5) Crossbows
 + Level 3.7(8.7) Armour
 + Level 3.6(8.6) Dodging
 - Level 2.0 Spellcasting
 - Level 6.0 Hexes
 - Level 2.4 Invocations


You had 3 spell levels left.
You knew the following spells:

 Your Spells              Type           Power        Failure   Level  Hunger
d - Slow                  Hex            ###.....     4%          2    N/A
f - Tukima's Dance        Hex            ###.....     10%         3    N/A
g - Enslavement           Hex            ###.....     28%         4    N/A
k - Summon Butterflies    Summ           #.......     34%         1    N/A
s - Corona                Hex            ###....      2%          1    N/A

Dungeon Overview and Level Annotations

Branches:
Dungeon (10/15)            Temple (1/1) D:7            Lair (1/8) D:9
    Orc: D:9-12

Altars:
Ashenzari
Cheibriados
Dithmenos
Elyvilon
Fedhas
Gozag
Kikubaaqudgha
Makhleb
Nemelex Xobeh
Okawaru
Qazlal
Ru
Sif Muna
Trog
Vehumet
Xom
Yredelemnul
Zin
The Shining One
Jiyva

Annotations:
D:3 Baka's ghost, average NaFi
D:4 exclusion: statue, trelanon's ghost, average OpIE


Innate Abilities, Weirdness & Mutations

You do not eat or drink.
Your flesh is vulnerable to fire.
You are immune to poison.
Your flesh is cold resistant.
You are immune to negative energy.
You are immune to unholy pain and torment.
You can survive without breathing.


Message History

The komodo dragon is moderately wounded.
You hit the komodo dragon.
The komodo dragon is moderately wounded.
The komodo dragon completely misses you.
You hit the komodo dragon.
The komodo dragon is heavily wounded.
The quokka closely misses you.
You impale the komodo dragon!!
The komodo dragon is almost dead.
The quokka twitches its whiskers.
The quokka closely misses you. The komodo dragon bites you!
You closely miss the komodo dragon.
The komodo dragon is almost dead.
The quokka closely misses you.
You hit the komodo dragon but do no damage.
The komodo dragon is almost dead.
The quokka bites you.
* * * LOW HITPOINT WARNING * * *
The komodo dragon bites you!!
You die...

#.##........#..
####..........).#
#.#...........#
####..........#
##..........#.## #
#........... ..# #
##.........##.$# #
####.........#...#
#.##.......@l..#.#.##
##.........r....# ..#.
####.........##..#.##...#.
#.#.........##.#.###.......
#
##.........#####.#........#
###.).......##
#P.........P#.
.#.........##
##...........# #
..........##
####.........###
P.......### ##.........P.


You could see a komodo dragon and a quokka.

Vanquished Creatures
  A komodo dragon (Lair:1)
  2 trolls
  Grinder (D:6)
  10 yaks (D:9)
  A shadow (D:8)
  A wyvern (D:8)
  2 basilisks
  A hippogriff (D:9)
  Edmund (D:6)
  Duvessa (D:7)
  2 water moccasins (Lair:1)
  7 porcupines
  6 sky beasts
  A phantom (D:6)
  A black bear (D:8)
  2 ogres
  2 centaurs
  A big kobold (D:7)
  7 giant frogs
  3 crocodiles
  Dowan (D:7)
  4 scorpions
  A gnoll sergeant (D:7)
  5 wights (D:7)
  5 crimson imps
  9 jellies
  2 centaur zombies
  2 goliath beetles (D:8)
  A gnoll shaman (D:8)
  7 hounds
  6 orc priests
  2 giant frog skeletons
  7 worker ants
  5 iguanas
  9 orc wizards
  18 gnolls
  2 worker ant zombies (D:8)
  15 adders
  6 giant mites
  2 river rats
  A shadow imp (D:7)
  3 worms
  An adder zombie (D:5)
  An adder skeleton (D:5)
  9 giant geckos
  8 oozes
  29 orcs
  19 bats
  2 bat skeletons (D:6)
  13 giant cockroaches
  18 hobgoblins
  16 jackals
  4 quokkas
  A ball python (D:2)
  8 giant newts
  13 goblins
  A jackal skeleton (D:6)
  A jackal zombie (D:5)
  27 kobolds
  A quokka skeleton (D:6)
  16 rats
  A butterfly (D:7)
355 creatures vanquished.

Vanquished Creatures (others)
  A bush (D:9)
  3 fungi (D:9)
  3 plants (D:9)
7 creatures vanquished.

Grand Total: 362 creatures vanquished

Notes
Turn   | Place    | Note
--------------------------------------------------------------
     0 | D:1      | Medar, the Mummy Arcane Marksman, began the quest for the Orb.
     0 | D:1      | Reached XP level 1. HP: 15/15 MP: 2/2
     0 | D:1      | Upgraded the game from 0.17-a0-368-g6795a14 to 0.17-a0-369-ge05c439
   413 | D:1      | Reached XP level 2. HP: 12/22 MP: 1/3
   728 | D:1      | Reached skill level 1 in Maces & Flails
  1019 | D:1      | Learned a level 2 spell: Slow
  1057 | D:1      | Reached XP level 3. HP: 14/27 MP: 0/4
  1922 | D:2      | Reached XP level 4. HP: 30/33 MP: 1/5
  2548 | D:2      | Reached skill level 3 in Maces & Flails
  3250 | D:3      | Noticed Baka's ghost (average NaFi)
  3434 | D:2      | Noticed an ice beast
  3783 | D:3      | Reached XP level 5. HP: 21/38 MP: 3/6
  4062 | D:4      | Found a glowing drain.
  4295 | Sewer    | Entered a sewer
  4348 | Sewer    | Reached skill level 4 in Maces & Flails
  4540 | D:4      | Reached XP level 6. HP: 16/44 MP: 3/7
  5161 | D:4      | Noticed trelanon's ghost (average OpIE)
  5956 | D:4      | Got an ancient ring mail
  5967 | D:4      | Identified the +2 ring mail of Winter {Str+6} (You found it on level 4 of the Dungeon)
  5974 | D:4      | Found a radiant altar of Vehumet.
  5980 | D:4      | Noticed an ogre
  5988 | D:4      | Killed an ogre
  5988 | D:4      | Reached skill level 1 in Armour
  6116 | D:4      | Reached XP level 7. HP: 29/50 MP: 2/8
  6412 | D:4      | Reached skill level 5 in Maces & Flails
  6751 | D:5      | Entered Level 5 of the Dungeon
  7412 | D:5      | Reached skill level 6 in Maces & Flails
  8248 | D:6      | Reached XP level 8. HP: 15/56 MP: 4/10
  8543 | D:6      | Found a viscous altar of Jiyva.
  9125 | D:6      | Learned a level 3 spell: Tukima's Dance
  9127 | D:6      | Learned a level 1 spell: Summon Butterflies
  9147 | D:6      | Noticed Grinder
  9156 | D:6      | Paralysed by Grinder for 4 turns
  9165 | D:6      | Paralysed by Grinder for 3 turns
  9209 | D:7      | Found a stormy altar of Qazlal.
  9514 | D:7      | Found a basalt altar of Yredelemnul.
  9531 | D:6      | Noticed a hill giant
  9843 | D:6      | Noticed Edmund
  9868 | D:6      | Killed Edmund
 10526 | D:6      | Killed Grinder
 10526 | D:6      | Reached skill level 7 in Maces & Flails
 10526 | D:6      | Reached skill level 5 in Crossbows
 10555 | D:6      | Reached XP level 9. HP: 53/64 MP: 11/11
 11600 | D:7      | Noticed Duvessa
 11600 | D:7      | Noticed Dowan
 11610 | D:7      | Killed Duvessa
 11619 | D:7      | Killed Dowan
 11619 | D:7      | Reached skill level 8 in Maces & Flails
 11951 | D:7      | Found a staircase to the Ecumenical Temple.
 11964 | Temple   | Entered the Ecumenical Temple
 12059 | Temple   | Became a worshipper of Warmaster Okawaru
 12708 | D:7      | Noticed a troll
 12950 | D:7      | Reached skill level 5 in Hexes
 12990 | D:7      | Acquired Okawaru's first power
 13028 | D:7      | Reached skill level 1 in Invocations
 13273 | D:7      | Killed a troll
 13273 | D:7      | Reached XP level 10. HP: 73/73 MP: 6/12
 13279 | D:7      | Learned a level 4 spell: Enslavement
 14636 | D:8      | Found a burning altar of Makhleb.
 14644 | D:8      | Found a bloodstained altar of Trog.
 14646 | D:8      | Found a sacrificial altar of Ru.
 14845 | D:8      | Reached skill level 5 in Fighting
 15109 | D:9      | Found a blossoming altar of Fedhas.
 15961 | D:9      | Found a staircase to the Lair.
 17165 | D:9      | Reached skill level 9 in Maces & Flails
 17398 | D:9      | Reached XP level 11. HP: 76/81 MP: 8/13
 17461 | D:10     | Entered Level 10 of the Dungeon
 17503 | Lair:1   | Entered Level 1 of the Lair of Beasts
 18375 | Lair:1   | Mangled by a komodo dragon

Action                   |  1- 3 |  4- 6 |  7- 9 | 10-12 || total
-------------------------+-------+-------+-------+-------++-------
Melee: Unarmed           |    38 |       |       |       ||    38
       Whip              |   113 |   309 |   211 |       ||   633
       Flail             |       |       |   332 |   333 ||   665
       Hand crossbow     |       |       |     1 |       ||     1
       Morningstar       |       |       |       |    53 ||    53
 Fire: Hand crossbow     |    20 |    40 |    85 |    38 ||   183
       Blowgun           |       |       |     7 |    10 ||    17
Throw: Javelin           |       |       |     3 |     1 ||     4
 Cast: Corona            |    37 |    58 |   119 |    53 ||   267
       Slow              |     1 |    13 |    53 |    41 ||   108
       Tukima's Dance    |       |       |     6 |       ||     6
Invok: Heroism           |       |       |       |     4 ||     4
Evoke: Wand              |       |       |     2 |     2 ||     4
  Use: Scroll            |     3 |     3 |     2 |     7 ||    15
 Stab: Distracted        |       |     1 |       |       ||     1
